 Dungeon Crawl Stone Soup version 0.21-a0-404-g291f19a (webtiles) character file.

229869 ohad the Brawler (level 19, -7/176 HPs)
             Began as a Naga Transmuter on Oct 28, 2017.
             Was an Elder of Cheibriados.
             Killed by the raging water
             ... invoked by a water nymph
              (25 damage)
             ... on level 4 of the Shoals.
             The game lasted 02:00:06 (40489 turns).

ohad the Brawler (Naga Transmuter)                 Turns: 40489, Time: 02:00:06

Health: -7/176     AC: 37    Str: 23    XL:     19   Next: 46%
Magic:  13/31      EV: 13    Int: 29    God:    Cheibriados [****..]
Gold:   1703       SH:  0    Dex: 21    Spells: 7/34 levels left

rFire    + . .     SeeInvis +     - Unarmed
rCold    + . .     Gourm    .   (shield currently unavailable)
rNeg     . . .     Faith    +   Q - +10 scale mail "Lafumiz" {Stlth+}
rPois    +         Spirit   .   m - +2 hat {MR+}
rElec    .         Reflect  .   w - +2 cloak
rCorr    .         Harm     .   (gloves currently unavailable)
MR       +++..                  p - +4 naga barding {rF+}
Stlth    ++++++....             S - amulet of faith
HPRegen  0.39/turn              h - ring of protection from cold
MPRegen  0.22/turn              N - ring of wizardry

@: blade hands, very slow
A: see invisible, deformed body, poison resistance, slowness 2, slow metabolism
1, spit poison 1, constrict 1, AC +6
}: 1/15 runes: gossamer
a: Spit Poison, End Transformation, Bend Time, Temporal Distortion, Slouch,
Renounce Religion


You were on level 4 of the Shoals.
You worshipped Cheibriados.
Cheibriados was greatly pleased with you.
You were very hungry.
You had blades for hands.
You visited 6 branches of the dungeon, and saw 32 of its levels.
You also visited: Volcano.

You collected 3405 gold pieces.
You spent 1702 gold pieces at shops.

Inventory:

Hand Weapons
 j - the +2 Maxwell's thermic engine {flame, freeze, rF- rC-}
   (You took it off a merfolk siren on level 4 of the Shoals)

   It has been specially enchanted to burn those struck by it, causing extra
   injury to most foes and up to half again as much damage against particularly
   susceptible opponents.
   Big, fiery blades are also staple armaments of hydra-hunters.
   It makes you vulnerable to fire.
   It makes you vulnerable to cold.
 l - a +1 dagger of electrocution
 H - a +7 hand crossbow of flaming (melded)
Missiles
 a - 913 arrows
 k - 338 bolts
 K - 8 steel javelins (quivered)
Armour
 m - a +2 hat of magic resistance (worn)
 p - a +4 naga barding of fire resistance (worn)
 w - a +2 cloak (worn)
 M - +0 fire dragon scales
 Q - the +10 scale mail "Lafumiz" (worn) {Stlth+}
   (You found it on level 7 of the Dungeon)

   It makes you more stealthy.
 T - a +1 shield of resistance
 V - the +0 naga barding of Surprise {rElec}
   (You acquired it on level 4 of the Shoals)

   It insulates you from electricity.
 W - a +1 pair of gloves (melded)
Jewellery
 f - an uncursed ring of resist corrosion
 h - a ring of protection from cold (left scythe-like blade)
 C - an uncursed amulet of magic regeneration
 N - a ring of wizardry (right scythe-like blade)
 S - an amulet of faith (around neck)
 Z - a +3 ring of dexterity
Wands
 c - a wand of digging (13/24)
 t - a wand of iceblast (4/15)
 y - a wand of disintegration (11/24)
Scrolls
 e - 3 scrolls of blinking
 g - 15 scrolls of teleportation
 r - a scroll of holy word
 x - 3 scrolls of fear
 A - 4 scrolls of recharging
 B - 19 scrolls of remove curse
 E - 2 scrolls of enchant armour
 G - a scroll of enchant weapon
 J - 5 scrolls of magic mapping
 O - 4 scrolls of immolation
 U - 8 scrolls of fog
 Y - 4 scrolls of identify
Potions
 b - 3 potions of might
 n - 12 potions of curing
 q - 6 potions of flight
 v - a potion of heal wounds
 z - 5 potions of resistance
 F - 3 potions of cancellation
 P - 2 potions of agility
 R - 4 potions of magic
Books
 o - a book of the Tempests

   Spells                             Type                      Level
   a - Static Discharge               Conjuration/Air              3
   b - Lightning Bolt                 Conjuration/Air              5
   c - Ignition                       Fire                         8
   d - Tornado                        Air                          9
   e - Shatter                        Earth                        9
 u - Roxanne's Incunabulum of the Rocks
   (You took it off Roxanne on level 1 of the Spider Nest)

   Spells                             Type                      Level
   a - Sandblast                      Earth                        1
   b - Stone Arrow                    Conjuration/Earth            3
   c - Leda's Liquefaction            Hexes/Earth                  4
   d - Bolt of Magma                  Conjuration/Fire/Earth       5
   e - Statue Form                    Transmutation/Earth          6
Miscellaneous
 D - a phantom mirror
 I - a crystal ball of energy
 L - a lamp of fire
Comestibles
 d - 18 bread rations
 i - 21 royal jellies
 s - 8 meat rations


   Skills:
 + Level 12.5 Fighting
 - Level 4.2 Crossbows
 - Level 10.4 Armour
 - Level 10.1 Dodging
 - Level 16.0 Stealth
 - Level 7.3 Shields
 - Level 16.1 Unarmed Combat
 - Level 8.1 Spellcasting
 - Level 1.7 Summonings
 - Level 10.5 Transmutations
 - Level 3.5 Ice Magic
 - Level 8.4 Earth Magic
 - Level 9.2 Invocations


You had 7 spell levels left.
You knew the following spells:

 Your Spells              Type           Power        Failure   Level  Hunger
a - Blade Hands           Tmut           ######....   12%         5    ####...
b - Sticks to Snakes      Tmut           ######..     3%          2    None
c - Spider Form           Tmut/Pois      #####.....   11%         3    None
d - Ice Form              Ice/Tmut       ######..     14%         4    #......
e - Summon Ice Beast      Ice/Summ       ####....     41%         4    #......
f - Statue Form           Tmut/Erth      ######...    38%         6    ######.
g - Stone Arrow           Conj/Erth      #####.       13%         3    None


Dungeon Overview and Level Annotations

Branches:
Dungeon (15/15)            Temple (1/1) D:7            Lair (6/6) D:11
 Shoals (4/4) Lair:4       Spider (4/4) Lair:4        Slime (0/5) Lair:5
    Orc (2/2) D:11            Elf (0/3) Orc:2        Vaults (0/5) D:13
 Depths (0/5) D:15

Altars:
Ashenzari
Cheibriados
Dithmenos
Elyvilon
Fedhas
Gozag
Hepliaklqana
Kikubaaqudgha
Makhleb
Nemelex Xobeh
Okawaru
Qazlal
Ru
Sif Muna
Trog
Uskayaw
Vehumet
Wu Jian
Xom
Yredelemnul
Zin
The Shining One
Beogh
Jiyva
Lugonu

Shops:
D:5 [   D:9 =*[[[   D:10 [   D:13 **   D:14 !   Orc:2 [%%*   Shoals:2 **[[

Annotations:
D:6 exclusion: statue


Innate Abilities, Weirdness & Mutations

You cannot wear boots.
Your serpentine skin is tough. (AC +6)
You have supernaturally acute eyesight. (SInv)
Armour fits poorly on your strangely shaped body.
Your system is resistant to poisons. (rPois)
You cover ground very slowly.
You have a slow metabolism.
You can spit poison.
You can use your snake-like lower body to constrict enemies.


Message History

You shoot a bolt. The bolt hits the water nymph!
The bolt burns the water nymph.
The water nymph is severely wounded.
You hear a splash.
The water nymph gestures at you while chanting.
The water swirls and strikes you!
* * * LOW HITPOINT WARNING * * *
Okay, then.
Casting: Blade Hands
Confirm with . or Enter, or press ? or * to list all spells.
Your hands turn into razor-sharp scythe blades.
Your +7 hand crossbow of flaming melds into your body.
Your +1 pair of gloves melds into your body.
Your +7 hand crossbow of flaming stops flaming.
The water nymph casts a spell at you. The water swirls and strikes you!
* * * LOW HITPOINT WARNING * * *
The water nymph casts a spell at you. The water swirls and strikes you!
You die...

...≈≈≈ ≈≈≈..≈≈.........≈≈≈≈≈≈≈≈
.≈.≈≈≈ ≈≈≈≈P≈≈≈≈....≈≈≈≈≈≈≈≈≈≈≈.
..... ≈≈≈P≈..≈≈...).≈≈≈≈≈≈≈≈≈≈≈.
..####..≈≈≈≈≈≈≈≈......≈≈≈≈≈≈≈≈≈≈.
.## #.≈≈≈≈≈≈≈≈.....[.(≈))≈≈≈≈...
.## ##.≈≈≈≈≈≈≈≈....)(.)÷()≈≈≈≈...
..###P.≈≈P≈≈PP.P≈≈(≈..)≈)()≈≈≈...
...†....PPP...≈.≈m≈.##(##.(≈≈....
≈≈≈#####.PPPPPP≈@≈≈##...##≈≈≈....
≈≈##...##.P≈.≈≈≈≈≈≈#≈≈.≈≈#≈≈)≈...
≈≈#.....#...≈≈P≈≈≈≈#(≈)≈≈#≈≈≈≈...
≈≈#)().(#...PP≈≈≈≈≈#(≈≈≈≈#≈)≈≈...
≈≈#..[..#...≈PP≈≈≈≈##≈(≈##≈≈≈..(.
≈≈##...##....≈≈≈≈≈.≈#####≈c≈≈....
≈≈≈##'##.≈≈≈≈)PP≈.≈≈≈≈≈...≈..
≈≈≈...≈≈≈≈≈)PP≈≈P≈≈≈≈≈≈......
≈≈≈.≈≈≈≈≈≈≈≈≈)......≈≈≈......


You could see a water nymph.

Vanquished Creatures
  Saint Roka (Orc:2)
  Arachne (Spider:4)
  The ghost of Rhok the Phalangite, an adept MfGl of Gozag (Spider:4)
  Roxanne (Spider:1)
  Kirke (Lair:6)
  Ilsuiw (Shoals:4)
  6 emperor scorpions
  Aizul (Spider:3)
  An orc warlord (Orc:2)
  A frost giant (D:15)
  7 ghost moths
  Louise (Shoals:1)
  A stone giant (Orc:2)
  5 entropy weavers
  Azrael (D:14)
  A dire elephant (Lair:6)
  10 merfolk impalers
  4 merfolk javelineers (Shoals:4)
  Josephine (D:14)
  3 hydras
  3 catoblepae
  Erica (D:8)
  A merfolk avatar (Shoals:4)
  19 two-headed ogres
  7 centaur warriors
  2 ogre magi
  A merfolk aquamancer (Shoals:1)
  2 alligator snapping turtles (Shoals:4)
  A deep troll shaman (Lair:6)
  3 satyrs
  8 death yaks
  A queen ant (Lair:5)
  5 orc high priests
  A deep elf knight (D:13)
  A skeletal warrior (D:13)
  4 unseen horrors
  13 sea snakes
  4 orc knights
  Pikel (D:8)
  3 deep elf magi
  17 wolf spiders
  20 orb spiders
  15 harpies
  7 cyclopes
  11 orc sorcerers
  16 manticores
  9 fauns
  18 ugly things
  7 merfolk sirens
  10 elephants
  A centaur zombie (D:12)
  5 water nymphs
  3 moths of wrath
  A guardian serpent (shapeshifter) (D:14)
  A smoke demon (Volcano)
  5 black mambas
  3 torpor snails
  8 spiny frogs
  2 gargoyles (D:15)
  7 komodo dragons
  8 rime drakes
  An efreet (D:14)
  A freezing wraith (D:14)
  A kobold demonologist (D:15)
  13 demonic crawlers
  6 yaktaurs
  9 trolls
  2 red devils (Volcano)
  6 meliai (D:14)
  35 merfolk
  32 jumping spiders
  5 wind drakes
  11 hornets
  A queen bee (Lair:3)
  Grinder (D:3)
  2 polar bears (Lair:6)
  17 dream sheep
  10 blink frogs
  A meliai zombie (D:15)
  9 snapping turtles
  13 hippogriffs
  3 shadows
  3 water elementals
  33 tarantellas
  58 redbacks
  3 wyverns
  A hungry ghost (D:11)
  A vampire (D:13)
  6 wraiths
  34 yaks
  Grum (D:8)
  5 hogs (Lair:6)
  5 steam dragons
  2 fire elementals (D:14)
  Menkaure (D:7)
  2 vampire mosquitoes (D:14)
  5 wargs
  16 water moccasins
  4 hell hounds
  7 porcupines
  6 soldier ants
  50 orc warriors
  A slave (D:8)
  3 eyes of draining
  2 ice beasts
  A black bear (shapeshifter) (D:15)
  2 phantoms
  4 sky beasts
  5 black bears
  19 ogres
  9 necrophages
  15 wolves
  26 centaurs
  13 crocodiles
  3 big kobolds
  16 bullfrogs
  4 earth elementals (Spider:3)
  A gnoll sergeant (D:7)
  3 scorpions
  27 killer bees
  13 wights
  An electric eel (Lair:1)
  12 crimson imps
  2 bullfrog zombies
  5 jellies
  A lava snake (Lair:3)
  25 orc priests
  6 hounds
  Crazy Yiuf (D:5)
  39 orc wizards
  4 bullfrog skeletons
  9 centaur skeletons
  2 iguanas
  16 worker ants
  Terence (D:2)
  A hound zombie (D:8)
  A hound skeleton (D:8)
  8 gnolls
  17 adders
  A shadow imp (D:10)
  An adder skeleton (D:7)
  A worm (D:2)
  A dart slug (D:2)
  11 leopard geckos
  146 orcs
  A ball python (D:4)
  6 bats
  6 giant cockroaches
  2 gnoll zombies (D:9)
  12 goblins
  2 hobgoblins
  18 jackals
  6 quokkas
  6 frilled lizards
  A jackal skeleton (D:5)
  12 kobolds
  A quokka skeleton (D:5)
  6 rats
1284 creatures vanquished.

Vanquished Creatures (collateral kills)
  A redback (Spider:4)
1 creature vanquished.

Vanquished Creatures (others)
  An unseen horror (D:14)
  A redback (Spider:4)
  A spriggan (D:8)
  2 slaves (D:8)
  An orc warrior (Orc:2)
  2 orcs (Orc:2)
  15 fungi
  24 plants
47 creatures vanquished.

Grand Total: 1332 creatures vanquished

Notes
Turn   | Place    | Note
-------+----------+-------------------------------------------
     0 | D:1      | ohad the Naga Transmuter began the quest for the Orb.
     0 | D:1      | Reached XP level 1. HP: 18/18 MP: 3/3
    30 | D:1      | Reached skill level 1 in Stealth
   117 | D:1      | Reached XP level 2. HP: 25/25 MP: 3/5
   733 | D:1      | Reached XP level 3. HP: 31/31 MP: 6/6
  1016 | D:1      | Learned a level 2 spell: Sticks to Snakes
  1020 | D:1      | Learned a level 3 spell: Spider Form
  1260 | D:2      | Reached XP level 4. HP: 38/38 MP: 5/7
  1328 | D:2      | Noticed Terence
  1341 | D:2      | Killed Terence
  1978 | D:3      | Noticed Grinder
  1985 | D:3      | HP: 1/38 [Grinder/nerve-wracking pain (14)]
  1986 | D:3      | Killed Grinder
  1986 | D:3      | Reached XP level 5. HP: 1/44 MP: 4/8
  1986 | D:3      | Reached XP level 6. HP: 1/51 MP: 4/9
  2686 | D:3      | Found a sacrificial altar of Ru.
  3047 | D:3      | Found a glowing silver altar of Zin.
  3320 | D:4      | Reached XP level 7. HP: 39/57 MP: 10/10
  3457 | D:4      | Learned a level 4 spell: Ice Form
  3568 | D:4      | Reached skill level 1 in Ice Magic
  3663 | D:4      | Found a hide-covered altar of Uskayaw.
  4150 | D:5      | Entered Level 5 of the Dungeon
  4150 | D:5      | Found an opulent altar of Gozag.
  4172 | D:5      | Found Musosch's Antique Armour Boutique.
  4754 | D:5      | Reached XP level 8. HP: 62/64 MP: 8/11
  4831 | D:5      | Found a runed door.
  4909 | D:5      | Noticed Crazy Yiuf
  4912 | D:5      | Killed Crazy Yiuf
  5226 | D:5      | Noticed an unseen horror
  5240 | D:5      | Killed an unseen horror
  5512 | D:5      | Learned a level 5 spell: Blade Hands
  5585 | D:5      | Reached XP level 9. HP: 70/70 MP: 6/14
  5885 | D:5      | Found a burning altar of Makhleb.
  6465 | D:6      | Reached skill level 5 in Unarmed Combat
  6816 | D:6      | Found an ancient bone altar of Kikubaaqudgha.
  6851 | D:6      | Found a radiant altar of Vehumet.
  7390 | D:7      | Found a staircase to the Ecumenical Temple.
  7400 | Temple   | Entered the Ecumenical Temple
  7497 | D:7      | Got a polished scale mail
  7514 | D:7      | Identified the +10 scale mail "Lafumiz" {Stlth+} (You found it on level 7 of the Dungeon)
  7918 | D:7      | Found a hazy altar of Hepliaklqana.
  7923 | D:7      | Noticed Menkaure
  7931 | D:7      | Killed Menkaure
  8058 | D:7      | Found a snail-covered altar of Cheibriados.
  8058 | D:7      | Found a sparkling altar of Nemelex Xobeh.
  8065 | D:7      | Became a worshipper of Cheibriados the Contemplative
  8312 | D:8      | Noticed a two-headed ogre
  8321 | D:8      | Killed a two-headed ogre
  8321 | D:8      | Reached XP level 10. HP: 69/84 MP: 11/16
  8402 | D:8      | Found a shattered altar of Ashenzari.
  8480 | D:8      | Noticed Grum
  8490 | D:8      | Killed Grum
  8728 | D:8      | Noticed Pikel
  8932 | D:8      | Noticed Erica
  8942 | D:8      | Killed Erica
  9075 | D:8      | Found a glowing golden altar of the Shining One.
  9118 | D:8      | Killed Pikel
  9267 | D:8      | Reached * piety under Cheibriados
  9306 | D:8      | Noticed a two-headed ogre
  9478 | D:8      | Killed a two-headed ogre
  9478 | D:8      | Reached skill level 5 in Stealth
  9841 | D:9      | Found Xeaweadi's General Store.
  9847 | D:9      | Bought a scroll of identify for 28 gold pieces
  9887 | D:9      | Found Hegesol's Antique Armour Boutique.
  9910 | D:9      | Found Zagh's Armour Shoppe.
  9982 | D:9      | Found Lotoer's Antique Armour Emporium.
 10052 | D:9      | Found a basalt altar of Yredelemnul.
 10228 | D:9      | Reached XP level 11. HP: 93/93 MP: 14/17
 10234 | D:9      | Reached ** piety under Cheibriados
 10401 | D:9      | Found Asikesuc's Jewellery Boutique.
 10513 | D:9      | Noticed a two-headed ogre
 10524 | D:9      | Killed a two-headed ogre
 10802 | D:10     | Entered Level 10 of the Dungeon
 10860 | D:10     | Noticed a two-headed ogre
 10867 | D:10     | Killed a two-headed ogre
 11045 | D:10     | Reached skill level 10 in Unarmed Combat
 11180 | D:10     | Reached *** piety under Cheibriados
 11300 | D:10     | Found Ocrae's Antique Armour Shoppe.
 11801 | D:11     | Noticed a two-headed ogre
 11807 | D:11     | Killed a two-headed ogre
 11812 | D:11     | Noticed a red ugly thing
 11813 | D:11     | Noticed a cyan ugly thing
 11820 | D:11     | Killed a cyan ugly thing
 11830 | D:11     | Killed a red ugly thing
 11836 | D:11     | Reached **** piety under Cheibriados
 12319 | D:11     | Noticed a death yak
 12321 | D:11     | Noticed a death yak
 12321 | D:11     | Noticed a death yak
 12322 | D:11     | Reached XP level 12. HP: 82/100 MP: 16/18
 12326 | D:11     | Killed a death yak
 12332 | D:11     | Killed a death yak
 12337 | D:11     | Killed a death yak
 12393 | D:11     | Found a staircase to the Lair.
 12511 | D:11     | Found a staircase to the Orcish Mines.
 12568 | D:11     | Reached ***** piety under Cheibriados
 12652 | Orc:1    | Entered Level 1 of the Orcish Mines
 12845 | D:11     | Reached skill level 1 in Invocations
 13088 | D:5      | Bought a shiny naga barding for 572 gold pieces
 13101 | D:5      | Learned a level 4 spell: Summon Ice Beast
 13260 | Lair:1   | Entered Level 1 of the Lair of Beasts
 13276 | Lair:1   | Reached skill level 1 in Summonings
 13338 | Lair:1   | Reached skill level 5 in Fighting
 14126 | Lair:2   | Reached skill level 5 in Dodging
 14250 | Lair:2   | Noticed an eight-headed hydra
 14262 | Lair:2   | Killed an eight-headed hydra
 14262 | Lair:2   | Gained mutation: You can use your snake-like lower body to constrict enemies. [Naga growth]
 14262 | Lair:2   | Reached XP level 13. HP: 42/115 MP: 11/19
 14741 | Lair:2   | Reached skill level 10 in Stealth
 15594 | Lair:3   | Reached ****** piety under Cheibriados
 16137 | Lair:3   | Reached skill level 5 in Invocations
 16746 | Lair:4   | Found a hole to the Spider Nest.
 17164 | Lair:4   | Found a staircase to the Shoals.
 17171 | Lair:4   | Found a dark tunnel.
 17180 | Volcano  | Entered a volcano
 17255 | Volcano  | Got a jewelled lajatang
 17564 | Lair:4   | Identified the +5 lajatang of Pemom {freeze, Int+4} (You found it in a volcano)
 18074 | Lair:5   | Found a viscous altar of Jiyva.
 18113 | Lair:5   | Noticed an entropy weaver
 18117 | Lair:5   | Killed an entropy weaver
 18117 | Lair:5   | Reached skill level 5 in Armour
 18153 | Lair:5   | Noticed an entropy weaver
 18160 | Lair:5   | Killed an entropy weaver
 18162 | Lair:5   | Reached XP level 14. HP: 97/123 MP: 16/20
 18347 | Lair:5   | Found a staircase to the Slime Pits.
 18964 | Lair:6   | Entered Level 6 of the Lair of Beasts
 18992 | Lair:6   | Noticed Kirke
 19009 | Lair:6   | Killed Kirke
 20481 | Lair:6   | Noticed a dire elephant
 20496 | Lair:6   | Killed a dire elephant
 21269 | D:12     | Reached XP level 15. HP: 134/134 MP: 16/21
 22113 | D:13     | Found Ukko Tenk's Assorted Antiques.
 22117 | D:13     | Bought a scroll of identify for 44 gold pieces
 22117 | D:13     | Bought a scroll of teleportation for 66 gold pieces
 22468 | D:13     | Found Acrab's Assorted Antiques.
 22494 | D:13     | Bought a dark potion for 34 gold pieces
 22494 | D:13     | Bought a ruby potion for 34 gold pieces
 22707 | D:13     | Got a slimy tin amulet
 22709 | D:13     | Identified the amulet "Qabumnim" {Inacc *Corrode rF+ Str+4 Int-5} (You found it on level 13 of the Dungeon)
 22991 | D:13     | Found a gate to the Vaults.
 23200 | D:14     | Reached skill level 10 in Fighting
 23460 | D:14     | Found Tavumyr's Distillery.
 23475 | D:14     | Noticed Josephine
 23489 | D:14     | Killed Josephine
 23630 | D:14     | Bought a potion of agility for 52 gold pieces
 23630 | D:14     | Bought a potion of heal wounds for 65 gold pieces
 23817 | D:14     | Noticed Azrael
 23834 | D:14     | Killed Azrael
 24602 | D:15     | Entered Level 15 of the Dungeon
 24841 | D:15     | Reached XP level 16. HP: 148/148 MP: 10/22
 25567 | D:15     | Found a staircase to the Depths.
 26510 | Orc:2    | Entered Level 2 of the Orcish Mines
 26514 | Orc:2    | Noticed Saint Roka
 26840 | Orc:1    | Reached skill level 10 in Armour
 27130 | Orc:2    | Killed Saint Roka
 27648 | Orc:2    | Reached skill level 10 in Dodging
 27906 | Orc:2    | Got a crude ivory ring
 27908 | Orc:2    | Identified the ring of Ruluch {rN++ MR- Str+10 Int-5 Stlth-} (You found it on level 2 of the Orcish Mines)
 28093 | Orc:2    | Found a staircase to the Elven Halls.
 28335 | Orc:2    | Found a roughly hewn altar of Beogh.
 28591 | Orc:2    | Found Tudiez's Armour Shop.
 28972 | Orc:2    | Found Kipn's Food Emporium.
 28975 | Orc:2    | Reached skill level 15 in Unarmed Combat
 29116 | Orc:2    | Found a roughly hewn altar of Beogh.
 29216 | Orc:2    | Found Obirgh's Food Boutique.
 29234 | Orc:2    | Found Avazuaw's General Store.
 29243 | Orc:2    | Bought a scroll of teleportation for 36 gold pieces
 29243 | Orc:2    | Bought a scroll of identify for 24 gold pieces
 29542 | Spider:1 | Entered Level 1 of the Spider Nest
 29958 | Spider:1 | Reached XP level 17. HP: 156/156 MP: 23/23
 30342 | Spider:1 | Reached skill level 1 in Crossbows
 30820 | Spider:1 | Noticed Roxanne
 30833 | Spider:1 | Killed Roxanne
 30834 | Spider:1 | Identified Roxanne's Incunabulum of the Rocks (You took it off Roxanne on level 1 of the Spider Nest)
 30843 | Spider:1 | Learned a level 6 spell: Statue Form
 31079 | Spider:1 | Reached skill level 1 in Earth Magic
 31997 | Spider:2 | Reached skill level 5 in Earth Magic
 33339 | Spider:3 | Reached skill level 5 in Spellcasting
 34170 | Spider:4 | Entered Level 4 of the Spider Nest
 34201 | Spider:4 | Noticed Rhok's ghost (adept MfGl)
 34413 | Spider:4 | Killed Rhok's ghost
 34414 | Spider:4 | Noticed Aizul
 34420 | Spider:3 | Killed Aizul
 34546 | Spider:4 | Reached XP level 18. HP: 163/163 MP: 27/27
 34566 | Spider:4 | Reached skill level 10 in Transmutations
 34629 | Spider:4 | HP: 4/163 [wolf spider (16)]
 35028 | Spider:4 | Noticed Arachne
 35039 | Spider:4 | Killed Arachne
 35039 | Spider:4 | Reached skill level 1 in Shields
 35657 | Spider:4 | Got a gossamer rune of Zot
 35990 | D:10     | Bought an embroidered scarf for 176 gold pieces
 35990 | D:10     | Bought a glowing shield for 165 gold pieces
 36140 | D:5      | Bought a glowing cloak for 165 gold pieces
 36140 | D:5      | Bought a pair of runed gloves for 165 gold pieces
 36372 | Shoals:1 | Entered Level 1 of the Shoals
 36372 | Shoals:1 | Noticed Louise
 36398 | Shoals:1 | Killed Louise
 36954 | Shoals:1 | Reached skill level 5 in Shields
 37725 | Shoals:2 | Found Mehiucsa's General Store.
 37857 | Shoals:2 | Found Qirarok's Armour Shop.
 37941 | Shoals:2 | Found Wuzod's Assorted Antiques.
 38083 | Shoals:2 | Bought a scroll of fog for 76 gold pieces
 38123 | Shoals:2 | Found Juikekes's Antique Armour Emporium.
 39043 | Shoals:3 | Reached XP level 19. HP: 161/170 MP: 26/31
 39113 | Shoals:4 | Entered Level 4 of the Shoals
 39381 | Shoals:4 | Reached skill level 15 in Stealth
 39387 | Shoals:4 | Identified a scroll of acquirement
 39391 | Shoals:4 | Got a transparent naga barding
 39403 | Shoals:4 | Identified the +0 naga barding of Surprise {rElec} (You acquired it on level 4 of the Shoals)
 39452 | Shoals:4 | Learned a level 3 spell: Stone Arrow
 40123 | Shoals:4 | Noticed Ilsuiw
 40139 | Shoals:4 | Killed Ilsuiw
 40489 | Shoals:4 | Killed from afar by a water nymph

Vault maps used:
D:1:      scummos_arrival_hexagon, serial_park_tiny_pond
D:2:      minmay_tetromino_i4, uniq_terence
D:3:      nicolae_ru_sacrificial_ziggurat, nicolae_overflow_hidden_temple,
          minivault_14, solitary_fountain, uniq_grinder
D:4:      eat_drink_and_be_merry_uskayaw, minmay_crystal_room
D:5:      overflow_temple_1_default, lemuel_crystal_altar, first_bread,
          serial_shops, shop, uniq_crazy_yiuf_cottage
D:6:      lemuel_coloured_pillars_altar, vehumet_statue
D:7:      lemuel_doored_altar, gammafunk_temple_overflow_pools,
          minmay_temple_entry_statues, uniq_menkaure
D:8:      tso_altar, kennysheep_mini, the_bakery, grunt_ministairs_2, uniq_grum,
          uniq_pikel, uniq_erica
D:9:      lemuel_zombie_altar_yredelemnul, serial_shops, nicolae_shop_trees,
          shop, shop, kennysheep_little_box, shop,
          hangedman_decor_diamond_cutter
D:10:     serial_shops, shop, kennysheep_generic_room_6
D:11:     dpeg_lair_monsters, hiddenorc2_lemuel, minmay_item_behind_shaft
D:12:     minmay_misc_feat_encased
D:13:     hangedman_vaults_entry_quadrant_bands, serial_shops, shop_statue,
          shop, lemuel_old_faithful
D:14:     serial_shops, shop, st_stairs_3, corexii_checkpoint_b, uniq_azrael,
          uniq_josephine
D:15:     grunt_enter_depths_snipers, serial_bayou_pond_d
Temple:   corrupted_temple
Lair:1:   grunt_megastairs_5, infiniplex_staircase_pool, serial_bayou_shore_b
Lair:2:   portal_ice_cave_rime, roderic_carrion_pond
Lair:3:   special_room
Lair:4:   minmay_shoals_entry_centaurs, spider_nest_entry_web_field,
          enter_volcano_2, serial_bayou_shore_b
Lair:5:   slime_altar_1, wad_woods_antlair
Lair:6:   grunt_lair_end_beastmaster, nicolae_quartered_pool_little,
          st_stairs_3, uniq_kirke
Shoals:1: cheibrodos_shoals_oceanic_diplomacy, uniq_louise
Shoals:2: serial_shops, nicolae_shop_trees, nicolae_shop_window_shopping, shop,
          shop, nicolae_shoals_seven_spires
Shoals:3: nicolae_shoals_drake_roost
Shoals:4: shoals_end_simple, shoals_ilsuiw_alternative,
          nicolae_shoals_siren_and_animal_friends
Spider:1: uniq_roxanne
Spider:3: nicolae_spider_mines_1, hangedman_stitches_earthworm
Spider:4: guppyfry_spider_rune, guppyfry_spider_mini_2, uniq_arachne, uniq_aizul
Orc:2:    pubby_orc_utopia, uniq_saint_roka
Volcano:  volcano_pools

Skill      XL: |  1  2  3  4  5  6  7  8  9 10 11 12 13 14 15 16 17 18 19 |
---------------+----------------------------------------------------------+-----
Stealth        | 2 6 8 11 13 14 16 | 16.0
Transmutations | 3 6 7 8 9 10 | 10.5
Ice Magic      | 3 |  3.5
Spellcasting   | 3 4 6 8 |  8.1
Fighting       | 3 4 7 8 10 12 | 12.5
Unarmed Combat | 7 11 13 14 15 16 | 16.1
Armour         | 3 4 6 8 10 | 10.4
Dodging        | 4 6 8 9 10 | 10.1
Invocations    | 2 9 |  9.2
Summonings     | 1 |  1.7
Crossbows      | 4 |  4.2
Earth Magic    | 8 |  8.4
Shields        | 7 |  7.3

Action                   |  1- 3 |  4- 6 |  7- 9 | 10-12 | 13-15 | 16-18 | 19-21 || total
-------------------------+-------+-------+-------+-------+-------+-------+-------++-------
Melee: Unarmed           |    22 |    12 |   183 |   428 |   658 |  1023 |   151 ||  2477
       Headbutt          |     5 |     7 |     8 |       |       |       |       ||    20
       Whip              |    29 |   104 |    81 |     5 |       |       |       ||   219
       Punch             |       |       |     1 |    24 |    85 |   108 |    26 ||   244
       Constrict         |       |       |       |       |   156 |   238 |    42 ||   436
 Fire: Hand crossbow     |       |       |       |       |       |   137 |     3 ||   140
 Cast: Beastly Appendage |     9 |     5 |     3 |       |       |       |       ||    17
       Spider Form       |     1 |     2 |     1 |       |       |       |       ||     4
       Sticks to Snakes  |       |     1 |     2 |     4 |       |       |       ||     7
       Ice Form          |       |       |    16 |     1 |     2 |     1 |     1 ||    21
       Blade Hands       |       |       |    10 |    52 |    75 |    94 |    15 ||   246
       Summon Ice Beast  |       |       |       |     2 |       |     1 |       ||     3
       Statue Form       |       |       |       |       |       |    13 |       ||    13
       Stone Arrow       |       |       |       |       |       |       |     7 ||     7
Invok: Slouch            |       |       |       |       |     8 |    15 |    11 ||    34
 Abil: Spit Poison       |    19 |    16 |    13 |     5 |    13 |       |     1 ||    67
       End Transformatio |       |       |       |     1 |       |     6 |     1 ||     8
  Use: Scroll            |       |     2 |    11 |    10 |     8 |    11 |     3 ||    45
       Potion            |       |       |       |     4 |     2 |     5 |     5 ||    16
 Stab: Sleeping          |     2 |       |       |    10 |    31 |    16 |     1 ||    60
       Petrified         |       |       |       |       |     3 |       |       ||     3
       Distracted        |       |       |       |       |     1 |       |       ||     1
       Confused          |       |       |       |       |       |     1 |       ||     1
  Eat: Chunk             |     2 |     7 |    20 |    25 |    26 |    35 |     5 ||   120
       Fruit             |       |       |     3 |     3 |       |     3 |       ||     9
       Royal jelly       |       |       |       |     2 |       |       |       ||     2
       Meat ration       |       |       |       |       |     4 |     4 |       ||     8
Armor: Robe              |     9 |    33 |       |       |       |       |       ||    42
       Leather armour    |       |     4 |    27 |       |       |       |       ||    31
       Skin              |       |     2 |    27 |       |     4 |   141 |       ||   174
       Scale mail        |       |       |    41 |   308 |   609 |   786 |   165 ||  1909
       Ring mail         |       |       |    25 |       |       |       |       ||    25
Dodge: Dodged            |    27 |    87 |   123 |   271 |   540 |  1316 |   181 ||  2545
Block: Shield            |       |       |       |       |       |   205 |       ||   205
       Buckler           |       |       |       |       |       |     1 |       ||     1

Table legend:
 A = Spawn XP
 B = Non-spawn XP
 C = Spawn XP percentage of total XP
 D = Spawn monster count
 E = Non-spawn monster count
 F = Spawn count percentage of total count
 G = Total turns spent on level
                    A         B        C        D         E        F      G
               +---------+---------+-------+---------+---------+-------+---------
         Total |       0 |  354673 |   0.0 |       0 |    1284 |   0.0 | 40489
               +---------+---------+-------+---------+---------+-------+---------
           D:1 |       0 |      34 |   0.0 |       0 |      18 |   0.0 |   978
           D:2 |       0 |     110 |   0.0 |       0 |      24 |   0.0 |   772
           D:3 |       0 |     367 |   0.0 |       0 |      22 |   0.0 |  1439
           D:4 |       0 |     252 |   0.0 |       0 |      13 |   0.0 |   961
           D:5 |       0 |    1762 |   0.0 |       0 |      38 |   0.0 |  1942
           D:6 |       0 |    1130 |   0.0 |       0 |      28 |   0.0 |  1358
           D:7 |       0 |     779 |   0.0 |       0 |      24 |   0.0 |   917
           D:8 |       0 |    4223 |   0.0 |       0 |      24 |   0.0 |  1550
           D:9 |       0 |    2546 |   0.0 |       0 |      27 |   0.0 |  1094
          D:10 |       0 |    2783 |   0.0 |       0 |      24 |   0.0 |  1107
          D:11 |       0 |   11473 |   0.0 |       0 |      81 |   0.0 |  1825
          D:12 |       0 |    6048 |   0.0 |       0 |      22 |   0.0 |   808
          D:13 |       0 |   15215 |   0.0 |       0 |      58 |   0.0 |  1183
          D:14 |       0 |   14515 |   0.0 |       0 |      54 |   0.0 |  1549
          D:15 |       0 |   21688 |   0.0 |       0 |      47 |   0.0 |  1320
        Lair:1 |       0 |    4470 |   0.0 |       0 |      21 |   0.0 |   934
        Lair:2 |       0 |    6375 |   0.0 |       0 |      26 |   0.0 |  1066
        Lair:3 |       0 |    4825 |   0.0 |       0 |      40 |   0.0 |  1704
        Lair:4 |       0 |    6786 |   0.0 |       0 |      28 |   0.0 |   977
        Lair:5 |       0 |   10739 |   0.0 |       0 |      36 |   0.0 |  1053
        Lair:6 |       0 |   22025 |   0.0 |       0 |      58 |   0.0 |  1682
      Shoals:1 |       0 |   22547 |   0.0 |       0 |      42 |   0.0 |  1217
      Shoals:2 |       0 |   12879 |   0.0 |       0 |      31 |   0.0 |   646
      Shoals:3 |       0 |   11163 |   0.0 |       0 |      28 |   0.0 |   878
      Shoals:4 |       0 |   38027 |   0.0 |       0 |      62 |   0.0 |  1376
      Spider:1 |       0 |   31281 |   0.0 |       0 |      70 |   0.0 |  2845
      Spider:2 |       0 |   10639 |   0.0 |       0 |      31 |   0.0 |   421
      Spider:3 |       0 |   22725 |   0.0 |       0 |      60 |   0.0 |  2318
      Spider:4 |       0 |   30787 |   0.0 |       0 |      52 |   0.0 |   711
         Orc:1 |       0 |    5771 |   0.0 |       0 |      49 |   0.0 |  1114
         Orc:2 |       0 |   28388 |   0.0 |       0 |     140 |   0.0 |  2317
       Volcano |       0 |    2321 |   0.0 |       0 |       6 |   0.0 |   383
               +---------+---------+-------+---------+---------+-------+---------
